 Dungeon Crawl Stone Soup version 0.19.0-19-g8c6edcc (webtiles) character file.

9538 Malachi the Cleaver (level 11, -5/86 HPs)
             Began as a Demonspawn Gladiator on Nov 10, 2016.
             Was a Priest of Yredelemnul.
             Slain by an orc warrior
             ... wielding a cursed +0 halberd
              (20 damage)
             ... on level 1 of the Orcish Mines on Nov 14, 2016.
             The game lasted 00:18:57 (10699 turns).

Malachi the Cleaver (Demonspawn Gladiator)         Turns: 10699, Time: 00:18:59

Health: -5/86      AC: 17    Str: 18    XL:     11   Next: 24%
Magic:  15/15      EV: 10    Int: 10    God:    Yredelemnul [***...]
Gold:   220        SH:  0    Dex: 12    Spells: 0 memorised, 10 levels left

rFire  x . .     SeeInvis .     W - +1 battleaxe (vamp)
rCold  + . .     Gourm    .     J - +1 chain mail {MR+}
rNeg   . . .     Faith    .     (shield currently unavailable)
rPois  +         Spirit   .     O - +2 hat
rElec  .         Reflect  .     i - +0 cloak
rCorr  .         Harm     .     S - +1 pair of gloves
MR     +....     Rnd*Rage +     R - +0 pair of boots
Stlth  ..........               (no amulet)
                                A - ring of ice
                                p - ring of stealth

@: very slightly contaminated, hasted, heavily drained, very quick
A: horns 1, talons 2, repulsion field 1, berserk 1, clumsy 1, foul stench 1,
poison resistance, powered by death 2, rot immunity
a: Recall Undead Slaves, Injury Mirror, Animate Dead, Renounce Religion


You were on level 1 of the Orcish Mines.
You worshipped Yredelemnul.
Yredelemnul was most pleased with you.
You were not hungry.

You visited 3 branches of the dungeon, and saw 13 of its levels.

You collected 637 gold pieces.
You spent 417 gold pieces at shops.

Inventory:

Hand Weapons
 a - a +0 war axe
 G - a +0 broad axe
 W - a +1 vampiric battleaxe (weapon)
Missiles
 d - 3 throwing nets (quivered)
Armour
 b - a +0 leather armour
 c - a +1 helmet
 i - a +0 cloak (worn)
 n - a +0 buckler
 J - a +1 chain mail of magic resistance (worn)
 O - a +2 hat (worn)
 Q - the +0 buckler "Hosiate" {rCorr Dex+4}
   (You bought it in a shop on level 10 of the Dungeon)

   It affects your dexterity (+4).
   It protects you from acid and corrosion.
 R - a +0 pair of boots (worn)
 S - a +1 pair of gloves (worn)
Jewellery
 e - an uncursed ring of fire
 p - a ring of stealth (left hand)
 A - a ring of ice (right hand)
 K - an uncursed ring of flight {unknown}
 L - an uncursed amulet of magic regeneration {unknown}
 U - an uncursed ring of ice
 V - a cursed ring of loudness {unknown}
Wands
 m - a wand of lightning (2/15)
 y - a wand of enslavement (3/24)
 z - a wand of heal wounds (5/9)
 T - a wand of iceblast (2/15)
Scrolls
 o - 3 scrolls of enchant armour
 q - 2 scrolls of amnesia
 v - 3 scrolls of remove curse
 C - 3 scrolls of recharging
 E - 3 scrolls of identify
 I - a scroll of fog
Potions
 h - 6 potions of curing
 j - 2 potions of lignification
 k - a potion of agility
 B - 2 potions of flight
 M - a potion of resistance
Books
 w - a book of Minor Magic

   Spells                             Type                      Level
   a - Magic Dart                     Conjuration                  1
   b - Blink                          Translocation                2
   c - Call Imp                       Summoning                    2
   d - Repel Missiles                 Charms/Air                   2
   e - Slow                           Hexes                        2
   f - Conjure Flame                  Conjuration/Fire             3
   g - Mephitic Cloud                 Conjuration/Poison/Air       3
 P - a book of Misfortune

   Spells                             Type                      Level
   a - Confusing Touch                Hexes                        1
   b - Confuse                        Hexes                        3
   c - Gell's Gravitas                Hexes/Translocation          3
   d - Petrify                        Transmutation/Earth          4
   e - Metabolic Englaciation         Hexes/Ice                    5
   f - Yara's Violent Unravelling     Hexes/Transmutation          5
Comestibles
 f - 4 bread rations
 g - a meat ration
 s - 3 beef jerkies
 t - a royal jelly
 F - 3 slices of pizza


   Skills:
 + Level 8.0(6.6) Fighting
 + Level 11.6(10.1) Axes
 + Level 1.8(0.6) Throwing
 + Level 6.9(5.6) Armour
 + Level 4.3(3.1) Dodging
 + Level 1.4(0.2) Stealth
 + Level 0.3(0.0) Shields
 * Level 5.6(4.3) Invocations
 + Level 0.4(0.0) Evocations


You had 10 spell levels left.
You didn't know any spells.

Dungeon Overview and Level Annotations

Branches:
Dungeon (11/15)            Temple (1/1) D:5             Orc (1/2) D:10
   Lair: D:8-11

Altars:
Ashenzari
Dithmenos
Elyvilon
Fedhas
Gozag
Hepliaklqana
Kikubaaqudgha
Makhleb
Nemelex Xobeh
Okawaru
Qazlal
Ru
Sif Muna
Trog
Uskayaw
Vehumet
Xom
Yredelemnul
Zin
The Shining One

Shops:
D:5 *   D:6 %   D:9 }   D:10 [

Annotations:
D:8 1 runed door


Innate Abilities, Weirdness & Mutations

You have razor-sharp toenails.
You are surrounded by a mild repulsion field. (EV +2)
You may emit foul miasma when damaged in melee.
You regenerate health from kills.
You are immune to rotting.
You have a pair of small horns on your head.
You tend to lose your temper in combat.
You are clumsy. (Dex -2)
Your system is resistant to poisons. (rPois)


Message History

Unknown command.
You are too injured to fight recklessly!
Unknown command.
Okay, then.
You feel yourself speed up. The orc barely misses you.
The orc knight hits you with a battleaxe!
* * * LOW HITPOINT WARNING * * *
You are very lightly contaminated with residual magic.
An orc warrior and an orc knight come into view.
The orc knight is engulfed in dark miasma.
The orc knight is poisoned.
Things that are here:
a falchion; a ring mail The orc knight no longer looks unusually strong.
The orc warrior no longer looks unusually strong.
The orc knight roars a battlecry!
The orcs go into a battle-frenzy!
The orc warrior hits you with a halberd!!
You die...
Your body rises from the dead as a mindless zombie.

o..............
#.............o
#.o..........#.
#o............o
#.o...#....o.#
#....#o.o....#
#....oho#
#######.....o§##
#......#....@oo##
#...........#)).#
###..>.......#.##
#.#.....##...###
...##...#####......#
.........# ##......#
........<# ###...##
#.......## #####
........#


You could see 4 orc knights, a warg, 2 orc warriors, an orc priest and 3 orcs.

Vanquished Creatures
  Gastronok (D:9)
  Nergalle (D:10)
  A cyclops (D:10)
  The ghost of humperndinck the Insei, a novice OpTm (D:8)
  A centaur skeleton (D:10)
  A tengu conjurer (D:9)
  A troll (D:9)
  The ghost of Gedkyri the Skirmisher, an amateur MiFi of Okawaru (D:4)
  A hornet (D:8)
  A hippogriff (D:9)
  Sigmund (D:4)
  3 yaks (D:10)
  A steam dragon (D:10)
  A hungry ghost (D:8)
  3 wargs (D:10)
  4 orc warriors
  2 black bears (D:6)
  3 ice beasts
  2 sky beasts
  A phantom (D:5)
  3 ogres
  6 centaurs
  A big kobold (D:10)
  5 bullfrogs
  A scorpion (D:5)
  3 wights (D:8)
  A killer bee (D:6)
  2 howler monkeys
  6 crimson imps
  A quasit (D:9)
  5 hounds
  A jelly (D:8)
  10 orc wizards
  Crazy Yiuf (D:3)
  3 bullfrog zombies
  2 orc priests (Orc:1)
  3 bullfrog skeletons
  An iguana (D:6)
  4 worker ants
  A hound zombie (D:6)
  A howler monkey skeleton (D:6)
  A worker ant zombie (D:5)
  4 gnolls (D:7)
  2 river rats (D:6)
  7 adders
  A shadow imp (D:6)
  3 oozes
  An adder skeleton (D:8)
  3 worms
  2 dart slugs
  4 leopard geckos
  19 orcs
  3 giant cockroaches
  6 goblins
  2 hobgoblins
  3 jackals (D:2)
  7 kobolds
  4 quokkas
  2 bats
  2 frilled lizards
  A quokka skeleton (D:6)
  6 rats
175 creatures vanquished.

Vanquished Creatures (collateral kills)
  A centaur warrior (D:10)
  A troll (D:10)
  An ogre (D:7)
  A centaur (D:7)
  2 bullfrogs
  A howler monkey (D:9)
  An orc wizard (D:9)
  2 adders
10 creatures vanquished.

Vanquished Creatures (others)
  5 dream sheep (D:6)
  A hornet zombie (D:8)
  A troll zombie (D:10)
  A sky beast zombie (D:10)
  A worker ant zombie (D:10)
  4 orc zombies
  An adder zombie (D:9)
  A ball python (D:2)
  A leopard gecko zombie (D:9)
16 creatures vanquished.

Grand Total: 201 creatures vanquished

Notes
Turn   | Place    | Note
-------+----------+-------------------------------------------
     0 | D:1      | Malachi the Demonspawn Gladiator began the quest for the Orb.
     0 | D:1      | Reached XP level 1. HP: 16/16 MP: 1/1
   209 | D:1      | Gained mutation: You regenerate a little health from kills. [demonic ancestry]
   209 | D:1      | Reached XP level 2. HP: 18/22 MP: 2/2
   327 | D:1      | Reached skill level 3 in Axes
   721 | D:2      | Found a faded altar of an unknown god.
   748 | D:2      | Reached XP level 3. HP: 4/27 MP: 3/3
  1272 | D:2      | Found a burning altar of Makhleb.
  1272 | D:2      | Noticed a blizzard demon
  1358 | D:2      | Found a bloodstained altar of Trog.
  1401 | D:2      | Found an opulent altar of Gozag.
  1401 | D:2      | Found a shadowy altar of Dithmenos.
  1404 | D:2      | Found an iron altar of Okawaru.
  1492 | D:3      | Found a runed door.
  1949 | D:3      | Noticed Crazy Yiuf
  1968 | D:3      | Killed Crazy Yiuf
  1968 | D:3      | Gained mutation: You are immune to rotting. [demonic ancestry]
  1968 | D:3      | Reached XP level 4. HP: 34/34 MP: 4/4
  2169 | D:4      | Reached skill level 4 in Axes
  2514 | D:4      | Noticed Gedkyri's ghost (amateur MiFi)
  2556 | D:4      | Reached skill level 1 in Armour
  2556 | D:4      | Gained mutation: You have sharp toenails. [demonic ancestry]
  2556 | D:4      | Reached XP level 5. HP: 39/39 MP: 5/5
  2677 | D:4      | Reached skill level 1 in Stealth
  2677 | D:4      | Gained mutation: You regenerate health from kills. [demonic ancestry]
  2677 | D:4      | Reached XP level 6. HP: 21/47 MP: 6/6
  3192 | D:4      | Noticed Sigmund
  3203 | D:4      | Killed Sigmund
  3203 | D:4      | Reached skill level 5 in Axes
  3458 | D:4      | Killed Gedkyri's ghost
  3458 | D:4      | Reached XP level 7. HP: 54/54 MP: 7/7
  3568 | D:5      | Entered Level 5 of the Dungeon
  3659 | D:5      | Reached skill level 6 in Axes
  3706 | D:5      | Found Danoppi's Assorted Antiques.
  3712 | D:5      | Bought a scroll labeled ACUPOSIYNE for 26 gold pieces
  3712 | D:5      | Bought a scroll labeled ACUPOSIYNE for 26 gold pieces
  3712 | D:5      | Bought a scroll labeled EKEVEHA JAXKA for 26 gold pieces
  3712 | D:5      | Bought a small opal ring for 130 gold pieces
  4005 | D:5      | Gained mutation: You are surrounded by a mild repulsion field. (EV +2) [demonic ancestry]
  4005 | D:5      | Reached XP level 8. HP: 49/61 MP: 8/8
  4034 | D:5      | Found a staircase to the Ecumenical Temple.
  4067 | D:5      | Reached skill level 7 in Axes
  4516 | Temple   | Entered the Ecumenical Temple
  4610 | Temple   | Became a worshipper of Yredelemnul the Dark
  4627 | D:6      | Found Goomosh's Food Emporium.
  4735 | D:6      | Reached skill level 5 in Fighting
  5174 | D:6      | Reached skill level 8 in Axes
  5262 | D:6      | Reached * piety under Yredelemnul
  5437 | D:6      | Reached XP level 9. HP: 69/69 MP: 9/9
  5574 | D:6      | Found a shimmering altar of Xom.
  5975 | D:7      | Found a sacrificial altar of Ru.
  6850 | D:8      | Noticed humperndinck's ghost (novice OpTm)
  6852 | D:8      | Reached skill level 9 in Axes
  6868 | D:8      | Killed humperndinck's ghost
  6868 | D:8      | Reached skill level 5 in Armour
  6868 | D:8      | Reached skill level 1 in Invocations
  6954 | D:8      | Found a runed door.
  6954 | D:8      | Noticed a sixfirhy
  7004 | D:8      | Paralysed by a hornet for 1 turns
  7419 | D:8      | Found a hide-covered altar of Uskayaw.
  7428 | D:8      | Found a deep blue altar of Sif Muna.
  7431 | D:8      | Found a shattered altar of Ashenzari.
  7450 | D:8      | Found a blossoming altar of Fedhas.
  7453 | D:8      | Found a glowing golden altar of the Shining One.
  7511 | D:8      | Reached ** piety under Yredelemnul
  7735 | D:9      | Found an ancient bone altar of Kikubaaqudgha.
  7782 | D:9      | Gained mutation: You have razor-sharp toenails. [demonic ancestry]
  7782 | D:9      | Reached XP level 10. HP: 79/79 MP: 11/11
  7787 | D:9      | Noticed Gastronok
  7817 | D:9      | Killed Gastronok
  7817 | D:9      | Reached skill level 10 in Axes
  7847 | D:9      | Found Ezaezxi's Gadget Shop.
  8475 | D:10     | Entered Level 10 of the Dungeon
  8500 | D:10     | Found Daiclito's Antique Armour Shoppe.
  8506 | D:10     | Bought a bloodstained buckler for 209 gold pieces
  8511 | D:10     | Identified the +0 buckler "Hosiate" {rCorr Dex+4} (You bought it in a shop on level 10 of the Dungeon)
  8648 | D:10     | Found a staircase to the Orcish Mines.
  8670 | D:10     | Reached skill level 11 in Axes
  8775 | D:10     | Reached *** piety under Yredelemnul
  8868 | D:10     | Noticed a centaur warrior
  8884 | D:10     | Killed a centaur warrior
  9745 | D:10     | Noticed Nergalle
  9815 | D:10     | HP: 1/80 [Nergalle/bolt of negative energy (21)]
  9824 | D:11     | Noticed a cyclops
  9826 | D:11     | Gained mutation: You tend to lose your temper in combat. [potion of mutation]
  9826 | D:11     | Gained mutation: You have a pair of small horns on your head. [potion of mutation]
  9826 | D:11     | Gained mutation: You are clumsy. (Dex -2) [potion of mutation]
 10247 | D:10     | Gained mutation: You may emit foul miasma when damaged in melee. [demonic ancestry]
 10247 | D:10     | Reached XP level 11. HP: 86/86 MP: 14/14
 10382 | D:10     | Killed Nergalle
 10382 | D:10     | Reached skill level 5 in Invocations
 10667 | Orc:1    | Entered Level 1 of the Orcish Mines
 10668 | Orc:1    | Upgraded the game from 0.19.0-11-g3fc08b3 to 0.19.0-19-g8c6edcc
 10670 | Orc:1    | Gained mutation: Your system is resistant to poisons. (rPois) [potion of beneficial mutation]
 10685 | Orc:1    | Noticed an orc knight
 10685 | Orc:1    | Noticed an orc knight
 10693 | Orc:1    | Noticed an orc knight
 10698 | Orc:1    | Noticed an orc knight
 10699 | Orc:1    | Slain by an orc warrior

Skill      XL: |  1  2  3  4  5  6  7  8  9 10 11 |
---------------+----------------------------------+-----
Dodging        | 3 4 |  4.3
Axes           | 3 4 5 6 8 9 11 | 11.6
Armour         | 1 2 3 4 5 6 |  6.9
Fighting       | 3 4 5 7 8 |  8.0
Stealth        | 1 |  1.4
Invocations    | 1 4 5 |  5.6
Throwing       | |  1.8
Shields        | |  0.3
Evocations     | |  0.4

Action                   |  1- 3 |  4- 6 |  7- 9 | 10-12 || total
-------------------------+-------+-------+-------+-------++-------
Melee: War axe           |   125 |   120 |   140 |       ||   385
       Kick              |       |    26 |    96 |    25 ||   147
       Broad axe         |       |       |   225 |   171 ||   396
       Battleaxe         |       |       |       |    90 ||    90
       Headbutt          |       |       |       |    16 ||    16
Throw: Throwing net      |     1 |       |       |       ||     1
Invok: Animate Remains   |       |       |    11 |    13 ||    24
       Recall Undead Sla |       |       |       |     1 ||     1
Evoke: Wand              |       |       |     4 |       ||     4
  Use: Scroll            |     2 |     8 |     6 |     4 ||    20
       Potion            |     2 |     6 |     4 |     5 ||    17
 Stab: Sleeping          |     1 |       |       |       ||     1
       Distracted        |       |       |       |     1 ||     1
  Eat: Chunk             |     3 |     5 |    15 |       ||    23
       Bread ration      |       |       |     1 |     2 ||     3
       Meat ration       |       |       |       |     2 ||     2
Armor: Leather armour    |    27 |       |       |       ||    27
       Skin              |     4 |       |       |       ||     4
       Chain mail        |     3 |    84 |   143 |   180 ||   410
       Plate armour      |       |       |   117 |       ||   117
Dodge: Dodged            |    84 |    45 |   188 |   193 ||   510
Block: Buckler           |       |       |       |    12 ||    12
